Map: Void Training Stage 3

Players

Aerytheta - Winner!

  • Race: Zerg Zerg
  • Spawn Location: 6:00

Player 2

  • Race: Zerg Zerg
  • Spawn Location: 12:00

VOD

Have the link to the VOD?

Description

I rallied my drone to my 3rd base and then forgot about him for about a minute or so, That's one major mistake I noticed. The timings for my opener were on point for starters. My first ultralisk was spawned at 15:20 seconds which is 47 seconds faster than I've been able to ever make one. Also, I don't think I need 88 workers LOL!

Time

  • Played on: Oct. 31, 2017, 9:51 a.m.
  • Length: 12:09
Show
View Real Time Build Order
Export as new Build Order

Aerytheta Zerg - Winner!

Build Orders: Hatch First 

Get SALT Encoding   

  12  0:02  Drone  
  13  0:13  Overlord  
  13  0:18  Drone  
  14  0:31  Drone x2  
  14  0:35  Drone  
  17  0:57  Hatchery  
  16  0:58  Drone  
  16  1:00  Drone  
  18  1:10  Overlord  
  18  1:13  Extractor  
  17  1:24  Spawning Pool, Drone  
  17  1:30  Drone  
  18  1:39  Drone  
  19  2:12  Zergling x4  
  19  2:15  Drone x2  
  23  2:16  Queen  
  23  2:17  Queen  
  23  2:21  Metabolic Boost  
  27  2:24  Drone x2  
  29  2:30  Drone  
  29  2:34  Drone  
  31  2:41  Overlord  
  31  2:45  Drone  
  32  2:51  Drone  
  33  2:58  Lair  
  33  3:03  Drone x2  
  35  3:06  Drone  
  36  3:13  Drone  
  36  3:16  Drone  
  38  3:27  Hatchery  
  37  3:35  Pneumatized Carapace  
  37  3:39  Drone x2  
  37  3:40  Drone x2  
  41  3:41  Overlord x2  
  41  3:57  Baneling Nest  
  41  3:58  Drone x2  
  41  3:59  Drone  
  43  4:03  Extractor  
  43  4:05  Drone x2  
  43  4:06  Drone  
  45  4:10  Extractor, Drone x3  
  45  4:15  Extractor  
  45  4:16  Drone x2  
  48  4:39  Drone  
  48  4:40  Drone x4  
  48  4:42  Queen  
  55  4:50  Evolution Chamber  
  54  4:53  Centrifical Hooks, Hydralisk Den  
  54  4:58  Drone  
  54  4:59  Drone x6  
  60  5:02  Drone  
  60  5:05  Drone  
  60  5:06  Overlord  
  60  5:07  Overlord x2  
  62  5:13  Drone x3  
  65  5:20  Extractor  
  64  5:23  Extractor  
  63  5:29  Drone x2  
  63  5:30  Drone  
  63  5:31  Drone x3  
  63  5:34  Zergling x2  
  63  5:35  Zergling x6  
  73  5:42  Zerg Melee Weapons Level 1  
  73  5:43  Muscular Augments  
  73  5:46  Hydralisk x2  
  73  5:47  Hydralisk  
  79  5:53  Hydralisk x4  
  79  5:56  Overlord x2  
  79  5:57  Overlord  
  87  5:59  Drone  
  87  6:00  Drone x2  
  90  6:24  Hatchery  
  89  6:29  Infestation Pit  
  88  6:34  Evolution Chamber  
  77  7:09  Zergling x2  
  77  7:10  Zergling x18  
  77  7:11  Zergling x16  
  95  7:15  Zerg Ground Armor Level 1  
  95  7:21  Hive  
  95  7:33  Drone  
  95  7:34  Drone x7  
  95  7:35  Drone  
  95  7:36  Queen  
  106  7:38  Drone x2  
  106  7:40  Drone x2  
  110  7:45  Drone  
  110  7:49  Drone x5  
  110  7:50  Drone x2  
  118  7:51  Overlord  
  118  7:52  Overlord x3  
  118  7:57  Overlord  
  118  8:10  Extractor  
  117  8:13  Extractor, Drone x3  
  117  8:16  Drone x3  
  122  8:35  Hatchery  
  121  8:45  Ultralisk Cavern, Zerg Melee Weapons Level 2  
  120  9:00  Unknown  
  120  9:04  Zergling x10  
  120  9:05  Zergling x8  
  120  9:06  Hydralisk  
  120  9:07  Hydralisk x7  
  120  9:08  Hydralisk x6  
  157  9:10  Overlord x3  
  157  9:38  Burrow  
  157  10:00  Drone x3  
  157  10:02  Extractor  
  157  10:06  Drone  
  161  10:07  Drone x2  
  161  10:11  Extractor  
  161  10:15  Ultralisk  
  161  10:16  Ultralisk x3  
  161  10:20  Overlord  
  161  10:21  Overlord x3  
  185  10:27  Baneling x2  
  185  10:28  Baneling x10  
  185  10:37  Queen  
  185  10:41  Ultralisk x2  
  199  10:46  Zergling x2  
  200  11:15  Unknown  
  195  11:22  Unknown  
  195  11:30  Unknown  
  190  11:51  Unknown  
Show
View Real Time Build Order
Export as new Build Order

Player 2 Zerg 

Build Orders: Pool First 

Get SALT Encoding   

  12  0:00  Drone  
  13  0:13  Overlord  
  13  0:18  Drone  
  14  0:31  Drone  
  14  0:34  Drone  
  16  0:42  Spawning Pool  
  16  0:46  Drone  
  16  0:50  Drone  
  16  0:52  Extractor  
  16  0:56  Drone  
  17  1:06  Overlord  
  17  1:30  Zergling x2  
  17  1:32  Queen  
  20  1:35  Zergling x2  
  20  1:39  Drone  
  22  1:40  Roach Warren  
  22  1:41  Extractor  
  20  1:49  Drone  
  21  1:57  Baneling Nest  
  21  2:00  Drone  
  21  2:11  Drone  
  22  2:21  Zergling x2  
  23  2:32  Zergling x2  
  24  2:39  Overlord, Zergling x2  
  25  2:44  Zergling x2  
  25  2:49  Zergling x2  
  27  2:54  Baneling x2  
  27  2:55  Zergling x2, Baneling  
  29  3:05  Zergling x2  
  29  3:10  Overlord, Zergling x2  
  30  3:15  Zergling x2  
  31  3:20  Zergling x2, Baneling  
  31  3:26  Baneling x2  
  32  3:28  Zergling x2  
  33  3:37  Evolution Chamber  
  33  3:38  Drone  
  33  3:42  Drone  
  33  3:45  Drone  
  35  3:50  Drone  
  35  3:54  Drone  
  37  4:01  Drone  
  38  4:11  Drone  
  39  6:05  Overlord, Roach, Lair  
  39  6:06  Spore Crawler  
  39  6:08  Spore Crawler, Drone  
  39  6:12  Hatchery  
  39  6:13  Drone  
  39  6:17  Roach  
  41  6:23  Overlord, Drone  
  42  6:26  Drone  
  42  6:29  Roach  
  45  6:33  Spine Crawler  
  45  6:34  Drone  
  45  6:41  Overlord, Roach  
  36  6:54  Roach  
  37  6:55  Spine Crawler  
  37  6:57  Drone  
  37  7:02  Overseer  
  37  7:04  Hydralisk Den, Drone  
  37  7:05  Overseer  
  37  7:06  Roach  
  37  7:07  Infestation Pit  
  38  7:09  Drone  
  38  7:15  Queen  
  41  7:18  Zergling x2  
  42  7:25  Drone  
  42  7:27  Spore Crawler  
  42  7:28  Drone  
  43  7:31  Drone  
  43  7:33  Hydralisk  
  43  7:34  Drone  
  47  7:37  Drone  
  47  7:40  Drone  
  47  7:43  Drone  
  50  7:45  Drone  
  51  7:53  Drone  
  51  7:56  Drone  
  51  7:58  Hydralisk  
  55  7:59  Drone  
  55  8:02  Drone  
  55  8:05  Drone  
  58  8:08  Spore Crawler, Drone  
  58  8:15  Drone  
  58  8:16  Queen  
  58  8:18  Drone  
  62  8:26  Hydralisk, Drone  
  63  8:27  Overlord  
  63  8:29  Drone  
  63  8:31  Drone  
  63  8:33  Spine Crawler  
  66  8:37  Drone  
  66  8:39  Hydralisk, Spine Crawler  
  68  8:48  Drone  
  69  8:49  Spire  
  69  8:51  Evolution Chamber, Drone  
  69  8:54  Drone  
  69  9:48  Extractor  
  69  9:51  Extractor  
  67  10:13  Drone  
  68  10:16  Drone  
  68  10:19  Drone  
  70  10:35  Pneumatized Carapace, Hive  
  70  10:36  Overlord x2, Overseer  
  70  10:44  Hatchery  
  69  11:11  Hydralisk  
  50  11:24  Hydralisk  
  52  11:26  Overseer  
  48  11:34  Roach  
  48  11:36  Drone  
  48  11:39  Drone  
  26  11:40  Mutalisk  
  26  11:42  Drone  
  26  11:45  Drone  
  30  11:48  Roach, Drone  
  30  11:49  Overlord x2  
  30  11:51  Drone  
  31  11:54  Drone  
  31  11:57  Drone  
Tags
 
Add a new tag
Caveats
  • Supply blocks, unpowered buildings, or Contaminate may cause inaccurate times.
  • Supply counts are checked every 10 seconds.